 Dungeon Crawl Stone Soup version 0.20-a0-432-g25cc1b4 (webtiles) character file.

214 Kidiri the Thaumaturge (level 5, -2/28 HPs)
             Began as a Deep Elf Fire Elementalist on Jan 2, 2017.
             Slain by Purgy (3 damage)
             ... in a sewer.
             The game lasted 00:08:02 (2707 turns).

Kidiri the Thaumaturge (Deep Elf Fire Elementalist) Turns: 2707, Time: 00:08:03

Health: -2/28      AC:  5    Str:  7    XL:     5   Next: 60%
Magic:  13/20      EV: 13    Int: 21    God:
Gold:   54         SH:  0    Dex: 15    Spells: 17/26 levels left

rFire  . . .     SeeInvis .     g - +1 dagger
rCold  . . .     Gourm    .     a - +0 robe
rNeg   . . .     Faith    .     (no shield)
rPois  .         Spirit   .     h - +0 helmet
rElec  .         Reflect  .     (no cloak)
rCorr  .         Harm     .     (no gloves)
MR     .....                    (no boots)
Stlth  +.........               (no amulet)
                                (no ring)
                                (no ring)

@: no status effects
A: molten scales 1, strong 1
a: no special abilities


You were in a sewer.
You were not hungry.

You visited 1 branch of the dungeon, and saw 3 of its levels.
You also visited: Sewer.

You collected 54 gold pieces.

Inventory:

Hand Weapons
 g - a +1 dagger (weapon)
Armour
 a - a +0 robe (worn)
 h - a +0 helmet (worn)
Books
 b - a book of Flames

   Spells                             Type                      Level
   a - Flame Tongue                   Conjuration/Fire             1
   b - Throw Flame                    Conjuration/Fire             2
   c - Conjure Flame                  Conjuration/Fire             3
   d - Inner Flame                    Hexes/Fire                   3
   e - Sticky Flame                   Conjuration/Fire             4
   f - Fireball                       Conjuration/Fire             5
Comestibles
 c - 4 bread rations
 d - 3 chunks of flesh


   Skills:
 - Level 2.4 Dodging
 - Level 2.4 Stealth
 * Level 11.3 Spellcasting
 + Level 6.5 Conjurations
 + Level 7.5 Fire Magic


You had 17 spell levels left.
You knew the following spells:

 Your Spells              Type           Power        Failure   Level  Hunger
a - Flame Tongue          Conj/Fire      #####        1%          1    None
b - Throw Flame           Conj/Fire      #####.       1%          2    None
c - Conjure Flame         Conj/Fire      #####...     1%          3    None
d - Inner Flame           Hex/Fire       ####....     3%          3    None


Dungeon Overview and Level Annotations

Branches:
Dungeon (3/15)

Altars:
Trog

Annotations:
Sewer Purgy


Innate Abilities, Weirdness & Mutations

You are partially covered in molten scales. (AC +2)
Your muscles are strong. (Str +2)


Message History

Purgy misses you. Purgy claws you. Purgy misses you. Purgy closely misses you.
Purgy claws you but does no damage. Purgy claws you. Purgy bites you!
* * * LOW HITPOINT WARNING * * *
Purgy closely misses you. Purgy completely misses you.
It was a potion of experience.
You feel more experienced!
Your Spellcasting skill gained 6 levels and is now at level 11!
Your Conjurations skill gained 4 levels and is now at level 6!
Your Fire Magic skill gained 3 levels and is now at level 7!
You have reached level 5!
Purgy misses you. Purgy claws you.
* * * LOW HITPOINT WARNING * * *
Purgy claws you.
* * * LOW HITPOINT WARNING * * *
It was a potion of mutation.
You feel extremely strange.
You feel stronger.
Molten scales grow over part of your body.
Purgy barely misses you. x2; Purgy claws you.
You die...

+.≈≈≈.+
#.≈≈≈.#
####.≈≈≈.####
#∩....∩..').#
####.≈≈≈.####
#.≈≈≈.####
+.≈≈≈.'..#
#.≈≈≈.####
#.≈≈@.####
+.≈≈≈T'..#
#.≈≈≈.####
#.≈≈≈.#
+.≈≈≈.'.!#
##########
#≈≈≈# #≈≈≈#
#≈≈≈#


You could see Purgy.

Vanquished Creatures
  Robin (D:2)
  3 adders (D:2)
  An ooze (D:2)
  2 worms (D:2)
  A dart slug (D:2)
  5 leopard geckos
  4 giant cockroaches
  14 goblins
  2 hobgoblins (D:1)
  5 jackals
  5 kobolds
  A quokka (D:2)
  2 bats (D:1)
  4 frilled lizards
  4 rats
54 creatures vanquished.

Notes
Turn   | Place    | Note
-------+----------+-------------------------------------------
     0 | D:1      | Kidiri the Deep Elf Fire Elementalist began the quest for the Orb.
     0 | D:1      | Reached XP level 1. HP: 10/10 MP: 6/6
   349 | D:1      | Reached XP level 2. HP: 15/15 MP: 4/8
   356 | D:1      | Learned a level 2 spell: Throw Flame
  1075 | D:2      | Reached skill level 4 in Spellcasting
  1102 | D:2      | Reached XP level 3. HP: 18/19 MP: 4/10
  1107 | D:2      | Learned a level 3 spell: Conjure Flame
  1111 | D:2      | Learned a level 3 spell: Inner Flame
  1598 | D:2      | Noticed Robin
  2106 | D:2      | Reached XP level 4. HP: 23/24 MP: 10/12
  2219 | D:2      | Killed Robin
  2245 | D:2      | Found a bloodstained altar of Trog.
  2360 | D:2      | Reached skill level 5 in Spellcasting
  2538 | D:3      | Found a glowing drain.
  2566 | Sewer    | Entered a sewer
  2698 | Sewer    | Noticed Purgy
  2706 | Sewer    | Reached skill level 11 in Spellcasting
  2706 | Sewer    | Reached XP level 5. HP: 6/28 MP: 13/20
  2706 | Sewer    | HP: 1/28 [Purgy (1)]
  2707 | Sewer    | Gained mutation: Your muscles are strong. (Str +2) [potion of mutation]
  2707 | Sewer    | Gained mutation: You are partially covered in molten scales. (AC +2) [potion of mutation]
  2707 | Sewer    | Slain by Purgy

Vault maps used:
D:1:      lightli_arrival_boilingwater
D:2:      st_stairs_12, trog_butcher_becter, uniq_robin
D:3:      portal_sewer_entry_f, led_xom_imps, uniq_grinder,
          uniq_crazy_yiuf_cottage
Sewer:    kennysheep_door_sewer

Skill      XL: |  1  2  3  4 |
---------------+-------------+-----
Spellcasting   | 4 11 | 11.3
Fire Magic     | 4 7 |  7.5
Conjurations   | 2 6 |  6.5
Dodging        | |  2.4
Stealth        | |  2.4

Action                   |  1- 3 |  4- 6 || total
-------------------------+-------+-------++-------
Melee: Dagger            |    20 |     1 ||    21
 Cast: Flame Tongue      |    57 |    21 ||    78
       Throw Flame       |     5 |     3 ||     8
       Conjure Flame     |     1 |       ||     1
  Use: Scroll            |     4 |     2 ||     6
       Potion            |       |     2 ||     2
 Stab: Sleeping          |     6 |     1 ||     7
  Eat: Chunk             |     4 |     1 ||     5
Armor: Robe              |    12 |     2 ||    14
Dodge: Dodged            |    33 |    13 ||    46
